 Dungeon Crawl Stone Soup version 0.29-a0-555-g3b24f45cc1 (webtiles) character file.

Game seed: 9805384931648350399

93 zishaf the Gusty (level 4, -4/26 HPs)
             Began as a Tengu Air Elementalist on June 7, 2022.
             Killed from afar by an orc wizard (8 damage)
             ... with a magic dart
             ... on level 3 of the Dungeon.
             The game lasted 00:03:30 (2234 turns).

zishaf the Gusty (Tengu Air Elementalist)           Turns: 2234, Time: 00:03:31

Health: -4/26      AC:  2    Str:  8    XL:     4   Next: 61%
Magic:  3/8        EV: 12    Int: 17    God:
Gold:   90         SH:  0    Dex: 15    Spells: 0/7 levels left

rFire   . . .      SeeInvis .   c - +0 dagger
rCold   . . .      Faith    .   (no shield)
rNeg    . . .      Spirit   .   a - +0 robe
rPois   .          Reflect  .   (helmet restricted)
rElec   .          Harm     .   (no cloak)
rCorr   .          Rampage  .   (no gloves)
Will    .....                   (boots unavailable)
Stlth   ++........              (no amulet)
HPRegen 0.08/turn               (no ring)
MPRegen 0.11/turn               (no ring)

@: no status effects
A: beak, talons 3
a: no special abilities


You were on level 3 of the Dungeon.
You visited 1 branch of the dungeon, and saw 3 of its levels.

You collected 120 gold pieces.
You spent 30 gold pieces at shops.

Inventory:

Hand Weapons
 c - a +0 dagger (weapon)
 g - a +0 short sword
Armour
 a - a +0 robe (worn)
Wands
 m - a wand of flame (7)
Scrolls
 d - 3 scrolls of brand weapon {unknown}
 e - 2 scrolls of fog {unknown}
 i - 3 scrolls of identify {unknown}
 j - a scroll of poison {unknown}
 k - a scroll of summoning {unknown}
 l - a scroll of magic mapping {unknown}
Potions
 b - a potion of magic
 f - 2 potions of curing
 h - a potion of might {unknown}


   Skills:
 + Level 2.1 Fighting
 - Level 2.1 Dodging
 - Level 2.0 Stealth
 - Level 2.0 Spellcasting
 + Level 3.4 Conjurations
 + Level 5.1 Air Magic


You couldn't memorise any spells.
You knew the following spells:

 Your Spells              Type           Power      Damage    Failure   Level
a - Shock                 Conj/Air       64%        1d7       3%          1
b - Static Discharge      Conj/Air       16%        N/A       4%          2
c - Airstrike             Air            9%         N/A       22%         4

Your spell library contained the following spells:

 Spells                   Type           Power      Damage    Failure   Level
 Swiftness                Air            19%        N/A       7%          3


Dungeon Overview and Level Annotations

Branches:
Dungeon (3/15)

Altars:

Shops:
D:1 !

Annotations:
D:3 1 transporter


Innate Abilities, Weirdness & Mutations

You have a beak for a mouth.
You have claws for feet.


Message History

You're too confused to move!
A magic dart appears from out of thin air!
The magic dart hits you!
You bump into the rock wall.
An orc comes into view.
It is wielding a +0 flail and wearing a +1 chain mail of poison resistance.
A magic dart appears from out of thin air!
The magic dart hits you.
You feel less confused.
Casting: Shock (safe; 3% risk of failure)
Confirm with . or Enter, or press ? or * to list all spells.
Aiming: Shock (safe; 3% risk of failure)
Press: ? - help, Shift-Dir - straight line, f - orc
Aim: an orc, wielding a +0 flail and wearing a +1 chain mail of poison resistance (79% to hit)
The zap hits something.
Reactivating autopickup.
You feel a bit more experienced.
The zap hits the orc but does no damage.
The orc wizard casts a spell.
The orc wizard flickers and vanishes!
Deactivating autopickup; reactivate with Ctrl-A.
Your Fighting skill increases to level 2!
You see here 25 stones.
You are confused.
A puff of flame appears from out of thin air!
The puff of flame misses you.
You see here a worm corpse.
You bump into the rock wall.
You bump into the rock wall.
You feel less confused.
A puff of flame appears from out of thin air!
The puff of flame hits you!
* * * LOW HITPOINT WARNING * * *
An orc wizard appears from thin air!
Reactivating autopickup.
The orc wizard gestures wildly while chanting.
The orc wizard flickers and vanishes!
Deactivating autopickup; reactivate with Ctrl-A.
A magic dart appears from out of thin air!
The magic dart hits you!
You die...

#.$#...##..##......##......##
+!©#©..........#............+
#.$#....##.###.#............+
#.P#.#......##.#............+
#≈8#.##.#.#.##.#...#{.....###
####.#......<....†...#'####
.... #..#.#..#.##..#.#.#####
............o....#.....#
...†.......#@..........###.#
....####...#....#####......#
.... #.....#....### #..###.#
... #...#.................#
#.#.#.##.#######.)###.#
#.#.#.##.# .... #...#..#.#
##... #.##...#.# #### #.
...#.#


You could see an orc.

Vanquished Creatures
  An orc wizard (D:3)
  2 adders
  3 worms
  A dart slug (D:1)
  2 orcs (D:3)
  7 endoplasms
  2 giant cockroaches (D:2)
  2 goblins
  3 hobgoblins
  2 jackals (D:2)
  4 kobolds
  A quokka (D:2)
  2 ball pythons (D:1)
  2 bats (D:2)
  3 rats
37 creatures vanquished.

Notes
Turn   | Place    | Note
-------+----------+-------------------------------------------
     0 | D:1      | zishaf the Tengu Air Elementalist began the quest for the
                  | Orb.
     0 | D:1      | Reached XP level 1. HP: 10/10 MP: 4/4
   156 | D:1      | Found Tiuz's Distillery.
   164 | D:1      | Bought a potion of curing for 30 gold pieces
   350 | D:1      | Reached XP level 2. HP: 16/16 MP: 3/6
   355 | D:1      | Learned a level 2 spell: Static Discharge
   582 | D:1      | Reached skill level 1 in Fighting
  1314 | D:2      | Reached XP level 3. HP: 20/20 MP: 3/7
  2046 | D:3      | Found a transporter.
  2057 | D:3      | Reached XP level 4. HP: 26/26 MP: 5/8
  2062 | D:3      | Learned a level 4 spell: Airstrike
  2202 | D:3      | Reached skill level 5 in Air Magic
  2234 | D:3      | Killed from afar by an orc wizard

Illustrated notes

Levels and vault maps discovered:
D:1:      psy_arrival_spokes, layout_basic, serial_shops, nicolae_square_shop,
          serial_corexii_hall, corexii_hall_statues_s,
          chequers_hall_statues_wall_a, chequers_serial_rivers_micro_e,
          roderic_nine_men_s_morris, minmay_misc_feat_enclosed,
          minmay_misc_feat_encased
D:2:      layout_loops_ring
D:3:      gammafunk_wand_slinger, layout_basic, mainiacjoe_overflow_alcove_4

Skill      XL: |  1  2  3  4 |
---------------+-------------+-----
Conjurations   | 2 3 |  3.4
Fighting       | 1 2 |  2.1
Air Magic      | 5 |  5.1
Dodging        | |  2.1
Stealth        | |  2.0
Spellcasting   | |  2.0

Action                   |  1- 3 |  4- 6 || total
-------------------------+-------+-------++-------
Melee: Dagger            |    14 |       ||    14
       Kick              |     4 |       ||     4
       Peck              |     2 |       ||     2
 Cast: Shock             |    74 |    16 ||    90
 Stab: Sleeping          |     2 |       ||     2
Armor: Robe              |     4 |       ||     4
Dodge: Dodged            |    17 |     2 ||    19

Table legend: (Time is in decaauts)
 A = Elapsed time spent in this place.
 B = Non-inter-level travel time spent in this place.
 C = Inter-level travel time spent in this place.
 D = Time resting spent in this place.
 E = Time spent auto-exploring this place.
 F = Levels seen in this place.
 G = Mean time per level.
                   A        B        C        D        E       F      G
               +--------+--------+--------+--------+--------+-----+--------+
         Total |   2232 |   2161 |     71 |      0 |   1880 |   3 |  744.0 |
       Dungeon |   2232 |   2161 |     71 |      0 |   1880 |   3 |  744.0 |
               +--------+--------+--------+--------+--------+-----+--------+

Top non-repeatable levels by time:
     D:2: 1044 daAuts
     D:1: 1000 daAuts
     D:3: 187 daAuts
